 Dungeon Crawl Stone Soup version 0.18-a0-1121-gb454403 (webtiles) character file.

93 ater218 the Sneak (level 4, -10/27 HPs)
             Began as a Vampire Enchanter on Jan 18, 2016.
             Killed from afar by an orc wizard (12 damage)
             ... with a magic dart
             ... on level 3 of the Dungeon.
             The game lasted 00:10:43 (2504 turns).

ater218 the Sneak (Vampire Enchanter)               Turns: 2504, Time: 00:10:43

Health: -10/27     AC:  5    Str:  9    XL:     4   Next: 37%
Magic:  2/7        EV: 13    Int: 18    God:
Gold:   94         SH:  0    Dex: 14    Spells: 2 memorised, 4 levels left

rFire  . . .     SeeInvis +     a - +1 dagger
rCold  + . .     Gourm    .     b - +2 robe
rNeg   + + .     Faith    .     (no shield)
rPois  +         Spirit   .     (no helmet)
rElec  .         Dismiss  .     (no cloak)
rCorr  .         Reflect  .     p - +0 pair of gloves
SustAt .         Harm     .     (no boots)
MR     .....                    (no amulet)
Stlth  ++++......               (no ring)
                                (no ring)

@: regenerating slowly, not resistant to hostile enchantments, stealthy
A: fangs 3, see invisible, frail 1, strong 1, unbreathing
a: Bat Form


You were on level 3 of the Dungeon.
You were very thirsty.

You visited 1 branch of the dungeon, and saw 3 of its levels.

You collected 94 gold pieces.

Inventory:

Hand Weapons
 a - a +1 dagger (weapon)
Armour
 b - a +2 robe (worn)
 p - a +0 pair of gloves (worn)
Scrolls
 h - a scroll of enchant armour
 i - a scroll of identify
 j - a scroll of fog
Potions
 d - 18 potions of blood
 l - 2 potions of curing
Books
 c - a book of Maledictions

   Spells                             Type                      Level
   a - Corona                         Hexes                        1
   b - Ensorcelled Hibernation        Hexes/Ice                    2
   c - Confuse                        Hexes                        3
   d - Tukima's Dance                 Hexes                        3
   e - Dazzling Spray                 Conjuration/Hexes            3
Miscellaneous
 g - a plain deck of defence {drawn: 1}


   Skills:
 + Level 1.1 Short Blades
 + Level 2.5 Dodging
 * Level 7.3 Stealth
 + Level 2.2 Spellcasting
 * Level 4.6 Hexes


You had 4 spell levels left.
You knew the following spells:

 Your Spells              Type           Power        Failure   Level  Hunger
a - Corona                Hex            ###....      2%          1    #......
b - Ensorcelled Hibernat  Hex/Ice        ##....       12%         2    ##.....


Dungeon Overview and Level Annotations

Branches:
Dungeon (3/15)

Altars:
Nemelex Xobeh


Innate Abilities, Weirdness & Mutations

You heal slowly.
You have razor-sharp teeth.
You have supernaturally acute eyesight.
You can survive without breathing.
You are frail (-10% HP).
Your muscles are strong. (Str +2)


Message History

The orc wizard is moderately wounded.
The orc wizard misses you.
The orc wizard points at you and mumbles some strange words.
The puff of flame misses you.
The puff of flame hits the orc wizard.
You barely miss the orc wizard.
The orc wizard is almost dead.
The orc wizard hits you with a dagger. x2
The orc wizard hits you but does no damage.
You hit the orc wizard.
You kill the orc wizard!
The orc wizard hits you but does no damage.
The orc wizard hits you with a dagger.
Things that are here:
a dagger; a robe The orc wizard gestures at you while chanting.
The magic dart hits you!
* * * LOW HITPOINT WARNING * * *
The orc wizard casts a spell at you. The magic dart hits you!
You die...

#.## #... ....
..# ... #####.#
#...#o#
############.#o#
#.##........@#.#
#.........#..#)#
#.###........o.#
#.###....##..##.#
#............# ##
#####....##.##
#.......#
##...#### #...#


You could see an orc wizard.

Vanquished Creatures
  An orc wizard (D:3)
  Natasha (D:2)
  2 adders (D:2)
  A worm (D:2)
  An orc (D:3)
  5 goblins
  4 hobgoblins
  3 jackals (D:2)
  8 kobolds
  2 quokkas (D:2)
  2 ball pythons
  3 bats (D:2)
  4 giant newts
  6 rats
43 creatures vanquished.

Notes
Turn   | Place    | Note
--------------------------------------------------------------
     0 | D:1      | ater218 the Vampire Enchanter began the quest for the Orb.
     0 | D:1      | Reached XP level 1. HP: 13/13 MP: 3/3
    68 | D:1      | Found a sparkling altar of Nemelex Xobeh.
   656 | D:1      | Reached skill level 5 in Stealth
   658 | D:1      | Reached XP level 2. HP: 17/19 MP: 1/5
   702 | D:1      | Learned a level 2 spell: Ensorcelled Hibernation
  1202 | D:2      | Noticed Natasha
  1207 | D:2      | Killed Natasha
  1207 | D:2      | Reached skill level 6 in Stealth
  1207 | D:2      | Reached XP level 3. HP: 24/24 MP: 2/6
  1934 | D:2      | Reached XP level 4. HP: 30/30 MP: 4/7
  2057 | D:2      | Reached skill level 7 in Stealth
  2344 | D:2      | Gained mutation: Your muscles are strong. (Str +2) [potion of mutation]
  2344 | D:2      | Gained mutation: You are frail (-10% HP). [potion of mutation]
  2504 | D:3      | Killed from afar by an orc wizard

Vault maps used:
D:1:      minmay_arrival_wavy_path, nemelex_deck
D:2:      uniq_natasha
D:3:      tgw_xom, lemuel_doored_altar, kennysheep_generic_room_9

Action                   |  1- 3 |  4- 6 || total
-------------------------+-------+-------++-------
Melee: Dagger            |    60 |    18 ||    78
 Cast: Corona            |     9 |       ||     9
       Ensorcelled Hiber |    15 |    11 ||    26
Evoke: Deck              |       |     1 ||     1
  Use: Potion            |       |     6 ||     6
       Scroll            |       |     4 ||     4
 Stab: Sleeping          |    23 |     9 ||    32
